 Dungeon Crawl Stone Soup version 0.29.1-13-g9f3cf754e1 (webtiles) character file.

Game seed: 17718105668354846328

2 Gabide the Trooper (level 1, 0/18 HPs)
             Began as a Formicid Berserker on Feb 2, 2023.
             Was a Follower of Trog.
             Slain by a quokka (1 damage)
             ... on level 1 of the Dungeon.
             The game lasted 00:00:11 (161 turns).

Gabide the Trooper (Formicid Berserker)              Turns: 161, Time: 00:00:11

Health: 0/18       AC:  2    Str: 21    XL:     1   Next: 44%
Magic:  1/1        EV: 12    Int:  6    God:    Trog [*.....]
Gold:   17         SH:  0    Dex: 13    Spells: 0/0 levels left

rFire   . . .      SeeInvis +   a - +0 mace
rCold   . . .      Faith    .   (no shield)
rNeg    . . .      Spirit   .   b - +0 animal skin
rPois   .          Reflect  .   (helmet unavailable)
rElec   .          Harm     .   (no cloak)
rCorr   .          Rampage  .   (no gloves)
Will    .....                   (no boots)
Stlth   +.........              (no amulet)
HPRegen 0.06/turn               (no ring)
MPRegen 0.07/turn               (no ring)

@: no status effects
A: permanent stasis, dig shafts and tunnels, antennae 3, four strong arms
a: Dig, Shaft Self, Renounce Religion


You were on level 1 of the Dungeon.
You worshipped Trog.
Trog was aware of your devotion.
You visited 1 branch of the dungeon, and saw 1 of its levels.

You collected 17 gold pieces.

Inventory:

Hand Weapons
 a - a +0 mace (weapon)
Armour
 b - a +0 animal skin (worn)
Scrolls
 c - a scroll of butterflies {unknown}
 e - a scroll of vulnerability {unknown}
Potions
 d - a potion of haste {unknown}


   Skills:
 + Level 3.3 Fighting
 * Level 3.1 Maces & Flails
 - Level 2.1 Armour
 + Level 1.8 Dodging


You couldn't memorise any spells.
You didn't know any spells.
Your spell library was empty.

Dungeon Overview and Level Annotations

Branches:
Dungeon (1/15)

Altars:


Innate Abilities, Weirdness & Mutations

You cannot be hasted, slowed, berserked, paralysed or teleported.
You can dig through walls and to a lower floor.
You have a pair of large antennae on your head. (SInv)
Your four strong arms can wield two-handed weapons with a shield.


Message History

You kill the dart slug!
Trog accepts your kill.
No target in view!
HP restored.
d - a black potion You sense a monster nearby.
e - a scroll labelled ALESMUMEOF You sense a monster nearby.
A quokka comes into view.
A quokka is nearby!
A quokka is nearby!
A quokka is nearby!
A quokka is nearby!
An endoplasm and a ball python come into view.
The endoplasm quivers.
The ball python hisses angrily.
You closely miss the quokka. The quokka misses you.
You miss the quokka. The quokka bites you. x2
You are too injured to fight recklessly!
You are too injured to fight recklessly!
You are too injured to fight recklessly!
You are too injured to fight recklessly!
You are too injured to fight recklessly!
You are too injured to fight recklessly!
You are too injured to fight recklessly!
You are too injured to fight recklessly!
There are monsters nearby!
There are monsters nearby!
The ball python attacks as you move away!
The ball python bites you.
The endoplasm jiggles.
The quokka attacks as you move away! The quokka bites you.
* * * LOW HITPOINT WARNING * * *
The ball python attacks as you move away!
The ball python closely misses you. The quokka bites you.
* * * LOW HITPOINT WARNING * * *
You closely miss the quokka. Your punch misses the quokka.
The quokka bites you.
You die...

.......#...##..........#
.......................#
.......................#
.......................#
#........#.#######
#........#..###
#.?JS....##...###
####r########...## #@#
###..### #.# ###...##
..# #....... ...#
#....... ....# #.†.....
#....# #....... .#######
######...(... .#
...##....... .#
#.##.##.......


You could see an endoplasm, a quokka and a ball python.

Vanquished Creatures
  A dart slug (D:1)
1 creature vanquished.

Notes
Turn   | Place    | Note
-------+----------+-------------------------------------------
     0 | D:1      | Gabide the Formicid Berserker began the quest for the Orb.
     0 | D:1      | Reached XP level 1. HP: 18/18 MP: 1/1
   161 | D:1      | Slain by a quokka

Illustrated notes

Levels and vault maps discovered:
D:1:      dpeg_arrival_simpleton_a, layout_basic, minmay_small_reverse_x

Action                   || total
-------------------------++-------
Melee: Mace              ||     5
Dodge: Dodged            ||     4
